SNL (28 & UNDER)
SALEM SILVER SOULS @ NEW HAMPSHIRE FISHER CATS
10/06/2025
 
TOP OF THE 1ST
Salem Silver Souls batting - Pitching for New Hampshire Fisher Cats : RHP José Salinas
Pitching: RHP José Salinas
Batting: RHB Jack Snyder 0-0: Ball
1-0: Called Strike
1-1: Called Strike
1-2: Strikes out swinging
Batting: RHB Jesús Gutiérrez 0-0: Called Strike
0-1: Fly out, F3 (Popup, 3F)
Batting: LHB Ezechiele Bruno 0-0: Fly out, F7 (Flyball, 78S)
Top of the 1st over - 0 run(s), 0 hit(s), 0 error(s), 0 left on base; Salem 0 - New Hampshire 0
BOTTOM OF THE 1ST
New Hampshire Fisher Cats batting - Pitching for Salem Silver Souls : LHP Francisco Nieto
Pitching: LHP Francisco Nieto
Batting: SHB Lester Olsen 0-0: Ground out 6-3 (Groundball, 6M)
Batting: LHB Héctor Rentería 0-0: Ground out 4-3 (Groundball, 4M)
Batting: LHB Wilson Torres 0-0: Foul Ball, location: 2F
0-1: Ball
1-1: Ball
2-1: Ball
3-1: Base on Balls
Batting: RHB Santiago Vallés 0-0: Ground out 6-3 (Groundball, 6)
Bottom of the 1st over - 0 run(s), 0 hit(s), 0 error(s), 1 left on base; Salem 0 - New Hampshire 0
TOP OF THE 2ND
Salem Silver Souls batting - Pitching for New Hampshire Fisher Cats : RHP José Salinas
Batting: RHB Lonson Seals 0-0: Ball
1-0: Ground out 4-3 (Groundball, 4M)
Batting: LHB Raúl Cordero 0-0: Ball
1-0: Swinging Strike
1-1: Ball
2-1: Ball
3-1: Base on Balls
Batting: RHB Carlos García 0-0: Foul Ball, location: 2F
Balk!
Raúl Cordero to second
0-1: Ball
1-1: Foul Ball, location: 2F
1-2: Ball
2-2: DOUBLE (Line Drive, 78XD)
Raúl Cordero scores
Batting: LHB Millard Dye 0-0: Called Strike
0-1: Ball
1-1: Called Strike
1-2: Ball
2-2: Foul Ball, location: 2F
2-2: Strikes out looking
Batting: LHB Nick Scott 0-0: Ball
1-0: Ground out 1-3 (Groundball, 13)
Top of the 2nd over - 1 run(s), 1 hit(s), 0 error(s), 1 left on base; Salem 1 - New Hampshire 0
BOTTOM OF THE 2ND
New Hampshire Fisher Cats batting - Pitching for Salem Silver Souls : LHP Francisco Nieto
Batting: RHB Benjamin Lawson 0-0: Called Strike
0-1: Foul Ball, location: 2F
0-2: Ball
1-2: Strikes out looking
Batting: RHB Anthony Hezell 0-0: Called Strike
0-1: Ball
1-1: Foul Ball, location: 2F
1-2: Ball
2-2: SINGLE (Groundball, 6M)
Batting: RHB Franklin Lawrence 0-0: Ball
1-0: Fly out, F7 (Flyball, 78M)
Batting: RHB Michael Kent 0-0: Ball
1-0: Ground out 5-3 (Groundball, 5)
Bottom of the 2nd over - 0 run(s), 1 hit(s), 0 error(s), 1 left on base; Salem 1 - New Hampshire 0
TOP OF THE 3RD
Salem Silver Souls batting - Pitching for New Hampshire Fisher Cats : RHP José Salinas
Batting: SHB Francis Shaffer 0-0: Ball
1-0: Fly out, F7 (Flyball, 78M)
Batting: RHB Jack Snyder 0-0: Foul Ball, location: 2F
0-1: Ball
1-1: Called Strike
1-2: Strikes out swinging
Batting: RHB Jesús Gutiérrez 0-0: Foul Ball, location: 2F
0-1: Foul Ball, location: 2F
0-2: Strikes out swinging
Top of the 3rd over - 0 run(s), 0 hit(s), 0 error(s), 0 left on base; Salem 1 - New Hampshire 0
BOTTOM OF THE 3RD
New Hampshire Fisher Cats batting - Pitching for Salem Silver Souls : LHP Francisco Nieto
Batting: RHB Tim Robertson 0-0: Called Strike
0-1: SOLO HOME RUN (Flyball, 7LD), Distance : 373 ft
Batting: SHB Lester Olsen 0-0: Called Strike
0-1: Ball
1-1: Ground out 1-3 (Groundball, 13S)
Batting: LHB Héctor Rentería 0-0: Called Strike
0-1: Ball
1-1: Called Strike
1-2: Strikes out looking
Batting: LHB Wilson Torres 0-0: Ball
1-0: Foul Ball, location: 2F
1-1: Foul Ball, location: 2F
1-2: Strikes out looking
Bottom of the 3rd over - 1 run(s), 1 hit(s), 0 error(s), 0 left on base; Salem 1 - New Hampshire 1
TOP OF THE 4TH
Salem Silver Souls batting - Pitching for New Hampshire Fisher Cats : RHP José Salinas
Batting: LHB Ezechiele Bruno 0-0: Ball
1-0: Called Strike
1-1: Called Strike
1-2: Ball
2-2: Ball
3-2: Foul Ball, location: 2F
3-2: SOLO HOME RUN (Flyball, 8LXD) (Inside the Park)
Batting: RHB Lonson Seals 0-0: Called Strike
0-1: Foul Ball, location: 2F
0-2: Ball
1-2: Foul Ball, location: 2F
1-2: Foul Ball, location: 2F
1-2: Foul Ball, location: 2F
1-2: Ball
2-2: Ball
3-2: SOLO HOME RUN (Flyball, 89XD), Distance : 420 ft
Batting: LHB Raúl Cordero 0-0: Fly out, F8 (Flyball, 8RS)
Batting: RHB Carlos García 0-0: Foul Ball, location: 2F
0-1: Ball
1-1: Called Strike
1-2: Fly out, F8 (Flyball, 8LM)
Batting: LHB Millard Dye 0-0: Called Strike
0-1: Foul Ball, location: 2F
0-2: Foul Ball, location: 2F
0-2: Ball
1-2: Foul Ball, location: 2F
1-2: Foul Ball, location: 2F
1-2: Ground out 6-3 (Groundball, 6M)
Top of the 4th over - 2 run(s), 2 hit(s), 0 error(s), 0 left on base; Salem 3 - New Hampshire 1
BOTTOM OF THE 4TH
New Hampshire Fisher Cats batting - Pitching for Salem Silver Souls : LHP Francisco Nieto
Batting: RHB Santiago Vallés 0-0: Ball
1-0: Ball
2-0: Fly out, F6 (Popup, 15)
Batting: RHB Benjamin Lawson 0-0: Ball
1-0: Foul Ball, location: 2F
1-1: Ball
2-1: Foul Ball, location: 2F
2-2: Strikes out swinging
Batting: RHB Anthony Hezell 0-0: Ball
1-0: Ball
2-0: Called Strike
2-1: Ground out 4-3 (Groundball, 4)
Bottom of the 4th over - 0 run(s), 0 hit(s), 0 error(s), 0 left on base; Salem 3 - New Hampshire 1
TOP OF THE 5TH
Salem Silver Souls batting - Pitching for New Hampshire Fisher Cats : RHP José Salinas
Batting: LHB Nick Scott 0-0: Ball
1-0: Ball
2-0: Swinging Strike
2-1: Fly out, F9 (Flyball, 89D)
Batting: SHB Francis Shaffer 0-0: Called Strike
0-1: Ball
1-1: Called Strike
1-2: Foul Ball, location: 2F
1-2: Ball
2-2: Strikes out looking
Batting: RHB Jack Snyder 0-0: Foul Ball, location: 2F
0-1: Ball
1-1: Foul Ball, location: 2F
1-2: Strikes out looking
Top of the 5th over - 0 run(s), 0 hit(s), 0 error(s), 0 left on base; Salem 3 - New Hampshire 1
BOTTOM OF THE 5TH
New Hampshire Fisher Cats batting - Pitching for Salem Silver Souls : LHP Francisco Nieto
Batting: RHB Franklin Lawrence 0-0: Called Strike
0-1: Ball
1-1: Foul Ball, location: 2F
1-2: Ball
2-2: Ball
3-2: Ground out 4-3 (Groundball, 34)
Batting: RHB Michael Kent 0-0: Called Strike
0-1: Ball
1-1: Ball
2-1: Ball
3-1: Ground out 4-3 (Groundball, 4M)
Batting: RHB Tim Robertson 0-0: Ball
1-0: Foul Ball, location: 2F
1-1: Ball
2-1: Foul Ball, location: 2F
2-2: Strikes out swinging
Bottom of the 5th over - 0 run(s), 0 hit(s), 0 error(s), 0 left on base; Salem 3 - New Hampshire 1
TOP OF THE 6TH
Salem Silver Souls batting - Pitching for New Hampshire Fisher Cats : RHP José Salinas
Batting: RHB Jesús Gutiérrez 0-0: Ball
1-0: Called Strike
1-1: Swinging Strike
1-2: Ground out 1-3 (Groundball, 13S)
Batting: LHB Ezechiele Bruno 0-0: Called Strike
0-1: Fly out, F6 (Popup, 6D)
Batting: RHB Lonson Seals 0-0: Ball
1-0: Ball
2-0: Called Strike
2-1: Foul Ball, location: 2F
2-2: Ground out 4-3 (Groundball, 34)
Top of the 6th over - 0 run(s), 0 hit(s), 0 error(s), 0 left on base; Salem 3 - New Hampshire 1
BOTTOM OF THE 6TH
New Hampshire Fisher Cats batting - Pitching for Salem Silver Souls : LHP Francisco Nieto
Batting: SHB Lester Olsen 0-0: Called Strike
0-1: Swinging Strike
0-2: SINGLE (Popup, 8RS)
Batting: LHB Héctor Rentería 0-0: Swinging Strike
0-1: Foul Ball, location: 2F
0-2: Strikes out looking
Batting: LHB Wilson Torres 0-0: Fielders Choice at 2nd, 3-6 (Groundball, 34)
Batting: RHB Santiago Vallés 0-0: SINGLE (Line Drive, 8LS)
Wilson Torres to second
Batting: RHB Benjamin Lawson 0-0: Ball
1-0: Called Strike
1-1: Ground out 6-3 (Groundball, 6)
Bottom of the 6th over - 0 run(s), 2 hit(s), 0 error(s), 2 left on base; Salem 3 - New Hampshire 1
TOP OF THE 7TH
Salem Silver Souls batting - Pitching for New Hampshire Fisher Cats : RHP José Salinas
Batting: LHB Raúl Cordero 0-0: Ground out 1-3 (Groundball, 13S)
Batting: RHB Carlos García 0-0: Called Strike
0-1: Ball
1-1: Fly out, F7 (Flyball, 7M)
Batting: LHB Millard Dye 0-0: Swinging Strike
0-1: Swinging Strike
0-2: Foul Ball, location: 2F
0-2: Ball
1-2: Strikes out looking
Top of the 7th over - 0 run(s), 0 hit(s), 0 error(s), 0 left on base; Salem 3 - New Hampshire 1
BOTTOM OF THE 7TH
New Hampshire Fisher Cats batting - Pitching for Salem Silver Souls : LHP Francisco Nieto
Batting: RHB Anthony Hezell 0-0: Called Strike
0-1: Swinging Strike
0-2: Ball
1-2: Fly out, F9 (Flyball, 89S)
Batting: RHB Franklin Lawrence 0-0: Ground out 6-3 (Groundball, 6)
Batting: RHB Michael Kent 0-0: Foul Ball, location: 2F
0-1: Ball
1-1: Foul Ball, location: 2F
1-2: Ball
2-2: Strikes out swinging
Bottom of the 7th over - 0 run(s), 0 hit(s), 0 error(s), 0 left on base; Salem 3 - New Hampshire 1
TOP OF THE 8TH
Salem Silver Souls batting - Pitching for New Hampshire Fisher Cats : RHP José Salinas
Pitching: RHP Ron Scott
Batting: LHB Nick Scott 0-0: Called Strike
0-1: Ball
1-1: Called Strike
1-2: Strikes out swinging
Batting: SHB Francis Shaffer 0-0: Called Strike
0-1: Called Strike
0-2: Ball
1-2: Ball
2-2: Ball
3-2: Foul Ball, location: 2F
3-2: Strikes out looking
Batting: RHB Jack Snyder 0-0: Foul Ball, location: 2F
0-1: Called Strike
0-2: Strikes out swinging
Top of the 8th over - 0 run(s), 0 hit(s), 0 error(s), 0 left on base; Salem 3 - New Hampshire 1
BOTTOM OF THE 8TH
New Hampshire Fisher Cats batting - Pitching for Salem Silver Souls : LHP Francisco Nieto
Batting: RHB Tim Robertson 0-0: Ball
1-0: Ball
2-0: Ground out 4-3 (Groundball, 4M)
Batting: SHB Lester Olsen 0-0: Ground out 4-3 (Groundball, 4)
Batting: LHB Héctor Rentería 0-0: Ball
1-0: Called Strike
1-1: Swinging Strike
1-2: Foul Ball, location: 2F
1-2: Ground out 4-3 (Groundball, 4M)
Bottom of the 8th over - 0 run(s), 0 hit(s), 0 error(s), 0 left on base; Salem 3 - New Hampshire 1
TOP OF THE 9TH
Salem Silver Souls batting - Pitching for New Hampshire Fisher Cats : RHP Ron Scott
Pitching: RHP Alberto Márquez
Batting: RHB Jesús Gutiérrez 0-0: Ball
1-0: Ball
2-0: Fly out, F9 (Flyball, 9M)
Batting: LHB Ezechiele Bruno 0-0: Ball
1-0: Ground out 6-3 (Groundball, 56)
Batting: RHB Lonson Seals 0-0: Hit by Pitch
Batting: LHB Raúl Cordero 0-0: Called Strike
0-1: Ball
Wild Pitch!
Lonson Seals to second
1-1: Ball
2-1: SINGLE (Groundball, 34D)
Lonson Seals to third
Runner from 3rd tries for Home, SAFE, no throw or cutoff
Batting: RHB Carlos García 0-0: Ground out 5-3 (Groundball, 56)
Top of the 9th over - 1 run(s), 1 hit(s), 0 error(s), 1 left on base; Salem 4 - New Hampshire 1
BOTTOM OF THE 9TH
New Hampshire Fisher Cats batting - Pitching for Salem Silver Souls : LHP Francisco Nieto
Pitching: RHP Andy Hickey
Now at 2B: Augusto Baiano
Now in CF: Gustavo Pagán
Batting: LHB Wilson Torres 0-0: Ball
1-0: Foul Ball, location: 2F
1-1: Ball
2-1: Called Strike
2-2: Ball
3-2: Foul Ball, location: 2F
3-2: Fly out, F6 (Popup, 6)
Batting: RHB Santiago Vallés 0-0: Ground out 5-3 (Groundball, 56)
Batting: RHB Benjamin Lawson 0-0: Fly out, F6 (Popup, 5L)
Bottom of the 9th over - 0 run(s), 0 hit(s), 0 error(s), 0 left on base; Salem 4 - New Hampshire 1
This league is powered by Out of the Park Baseball, the baseball management simulation game for PC, Mac and Linux
Tuesday, August 2nd, 2016 - OOTP Baseball 16.8 Build 38